 Dungeon Crawl Stone Soup version 0.31-a0-79-g9ec6622867 (webtiles) character file.

Game seed: 16926903715456167459

87 Drevant2 the Charlatan (level 4, 0/32 HPs)
             Began as a Demonspawn Artificer on May 24, 2023.
             Splashed by a jelly's acid (8 damage)
             ... on level 3 of the Dungeon.
             The game lasted 00:03:59 (2309 turns).

Drevant2 the Charlatan (Demonspawn Artificer)       Turns: 2309, Time: 00:04:00

Health: 0/32       AC:  5    Str: 13    XL:     4   Next: 28%
Magic:  4/4        EV: 11    Int: 12    God:
Gold:   118        SH:  0    Dex: 15    Spells: 3/3 levels left

rFire   . . .        l - +4 falchion
rCold   . . .        (no shield)
rNeg    . . .        b - +0 leather armour
rPois   .            (no helmet)
rElec   .            k - +0 cloak
rCorr   .            (no gloves)
SInv    .            (no boots)
Will    .....        (no amulet)
Stlth   +            h - +4 ring of protection
HPRegen 0.25/turn    (no ring)
MPRegen 0.18/turn

%: no passive effects
@: corroded
A: magic regeneration, sharp scales 1, demonic magic 1
a: no special abilities


You were on level 3 of the Dungeon.
You visited 1 branch of the dungeon, and saw 3 of its levels.

You collected 118 gold pieces.

Inventory:

Hand Weapons
 a - a +0 club
 i - a +0 spear
 l - a +4 falchion (weapon)
Armour
 b - a +0 leather armour (worn)
 k - a +0 cloak (worn)
Jewellery
 h - a +4 ring of protection (left hand)
Wands
 c - a wand of flame (10) (quivered)
 d - a wand of charming (15)
 e - a wand of iceblast (5)
Scrolls
 g - 2 scrolls of vulnerability {unknown}
 j - a scroll of identify {unknown}
 o - a scroll of blinking {unknown}
 p - a scroll of teleportation {unknown}
Potions
 f - a potion of attraction {unknown}
 m - 2 potions of curing
 n - a potion of mutation {unknown}


   Skills:
 - Level 1.0 Fighting
 + Level 1.6 Long Blades
 - Level 0.6 Polearms
 - Level 1.7 Armour
 - Level 0.8 Dodging
 - Level 0.8 Stealth
 + Level 4.5 Evocations


You had 3 spell levels left.
You didn't know any spells.
Your spell library was empty.

Dungeon Overview and Level Annotations

Branches:
Dungeon (3/15)

Altars:

Annotations:
D:2 1 runed translucent door, Crazy Yiuf


Innate Abilities, Weirdness & Mutations

You regenerate magic rapidly.
You are partially covered in razor-sharp scales. (AC +1, Slay +1)
Spells you cast may paralyse adjacent enemies.


Message History

No target in view!
No target in view!
No target in view!
No target in view!
No target in view!
No target in view!
No target in view!
No target in view!
No target in view!
No target in view!
Things that are here:
a +0 dagger; 4 stones You open the door.
Found two bat skeletons. 3 jellies and 7 endoplasms come into view.
Found a goblin skeleton, two hobgoblin skeletons, a bat skeleton and a helmet.
The jelly quivers.
The endoplasm quivers.
The jelly quivers.
The endoplasm quivers. x3
There is an open door here.
You hit the jelly but do no damage.
Your hands burn!
The jelly hits you but does no damage.
You hit the jelly.
Your hands burn!
The jelly is lightly wounded.
The jelly barely misses you.
Something hits the fungus.
The fungus begins to die.
Something hits the fungus.
You hit the jelly.
Your hands burn!
The jelly is heavily wounded.
The jelly hits you but does no damage.
Something hits the fungus. x2
The fungus begins to die.
You hit the jelly.
Your hands burn!
The jelly is severely wounded.
The jelly hits you. The acid corrodes you!
You are splashed with acid!
* * * LOW HITPOINT WARNING * * *
Something hits the fungus. x3
The jelly jiggles.
The jelly hits you but does no damage.
Something hits the fungus. x2
The jelly attacks as you move away! The jelly hits you.
* * * LOW HITPOINT WARNING * * *
You are splashed with acid!
You die...

...# ...# ### ...###
#######.##.....[#
.....####....#.#.#PPPJP.#
......##.....#.#.#J.....#
......').....#'#.#.JPP÷P#
......)).......#)#÷..J.J#
......'........#.#JJPP.P#
......##.......#@#J÷..÷.#
##....###......##JJPP.PP#
......# ##########.....÷#
...(..# ####### ......#
....<.+ ......# ......#
......#


You could see a jelly and an endoplasm.

Vanquished Creatures
  Robin (D:2)
  An adder (D:3)
  A dart slug (D:2)
  4 endoplasms
  6 hobgoblins
  5 jackals
  A quokka (D:1)
  5 ball pythons
  5 bats (D:1)
  A frilled lizard (D:1)
  15 goblins
  10 kobolds
  4 rats
59 creatures vanquished.

Notes
Turn   | Place    | Note
-------+----------+-------------------------------------------
     0 | D:1      | Drevant2 the Demonspawn Artificer began the quest for the
                  | Orb.
     0 | D:1      | Reached XP level 1. HP: 15/15 MP: 1/1
   351 | D:1      | Gained mutation: Spells you cast may paralyse adjacent
                  | enemies. [demonic ancestry]
   351 | D:1      | Reached XP level 2. HP: 21/21 MP: 2/2
  1152 | D:2      | Reached skill level 4 in Evocations
  1240 | D:2      | Gained mutation: You regenerate magic rapidly. [demonic
                  | ancestry]
  1240 | D:2      | Reached XP level 3. HP: 26/26 MP: 3/3
  1241 | D:2      | Noticed Robin
  1375 | D:2      | Killed Robin
  1376 | D:2      | Reached skill level 1 in Long Blades
  1666 | D:2      | Found a runed translucent door.
  1667 | D:2      | Noticed Crazy Yiuf
  1882 | D:2      | Gained mutation: You are partially covered in razor-sharp
                  | scales. (AC +1, Slay +1) [demonic ancestry]
  1882 | D:2      | Reached XP level 4. HP: 30/32 MP: 4/4
  1910 | D:2      | Found a faded altar of an unknown god.
  2309 | D:3      | Splashed by a jelly's acid

Illustrated notes

Levels and vault maps discovered:
D:1:      nicolae_arrival_washed_ashore, layout_loops_corners,
          minmay_misc_feat_room, minmay_indecisive_spiral
D:2:      layout_loops_ring, ebering_ecumenical_altar_mist,
          uniq_crazy_yiuf_cottage, uniq_robin
D:3:      cheibrodos_fertilizer, layout_basic, lemuel_doored_altar,
          amcnicky_altar_gilded, ebering_ghost_sewer_d,
          kennysheep_generic_room_13

Skill      XL: |  1  2  3 |
---------------+----------+-----
Evocations     | 4 |  4.5
Long Blades    | 1 |  1.6
Fighting       | |  1.0
Polearms       | |  0.6
Armour         | |  1.7
Dodging        | |  0.8
Stealth        | |  0.8

Action                     |  1- 3 |  4- 6 || total
---------------------------+-------+-------++-------
  Melee: Club              |    54 |       ||    54
         Spear             |    29 |       ||    29
         Falchion          |    63 |    24 ||    87
         Punch             |     1 |       ||     1
  Evoke: Wand              |     5 |       ||     5
   Stab: Sleeping          |     5 |       ||     5
 Armour: Leather armour    |    64 |    11 ||    75
  Dodge: Dodged            |    92 |    19 ||   111

Table legend: (Time is in decaauts)
 A = Elapsed time spent in this place.
 B = Non-inter-level travel time spent in this place.
 C = Inter-level travel time spent in this place.
 D = Time resting spent in this place.
 E = Time spent auto-exploring this place.
 F = Levels seen in this place.
 G = Mean time per level.
                   A        B        C        D        E       F      G
               +--------+--------+--------+--------+--------+-----+--------+
         Total |   2348 |   2162 |    186 |     89 |   1662 |   3 |  782.7 |
       Dungeon |   2348 |   2162 |    186 |     89 |   1662 |   3 |  782.7 |
               +--------+--------+--------+--------+--------+-----+--------+

Top non-repeatable levels by time:
     D:1: 1166 daAuts
     D:2: 1072 daAuts
     D:3: 108 daAuts
